 Dungeon Crawl Stone Soup version 0.28-a0-1227-ga9037bb4c8 (webtiles) character file.

Game seed: 8479723303127183612

98 PlayingRandomsOnly the Magician (level 4, -2/29 (32) HPs)
             Began as a Gnoll Hedge Wizard on Dec 20, 2021.
             Was an Initiate of Hepliaklqana.
             Slain by a wight (8 damage)
             ... on level 2 of the Dungeon on Dec 22, 2021.
             The game lasted 00:19:30 (2647 turns).

PlayingRandomsOnly the Magician (GnWz)              Turns: 2647, Time: 00:19:31

HP:   -2/29 (32)    AC:  3    Str:  9    XL:     4   Next: 69%
MP:   11/13         EV: 16    Int: 16    God:    Hepliaklqana [......]
Gold: 74            SH:  0    Dex: 11    Spells: 5/17 levels left

rFire   . . .      SeeInvis .   o - +0 quarterstaff
rCold   . . .      Faith    .   (shield currently unavailable)
rNeg    . . .      Spirit   .   g - +0 leather armour
rPois   .          Reflect  .   c - +0 hat
rElec   .          Harm     .   (no cloak)
rCorr   .          Rampage  .   (no gloves)
Will    .....                   (no boots)
Stlth   ++........              (no amulet)
HPRegen 0.09/turn               k - +4 ring of evasion
MPRegen 0.13/turn               (no ring)

@: drained
A: fangs 1, strong nose, distributed training
a: Renounce Religion


You were on level 2 of the Dungeon.
You worshipped Hepliaklqana.
Hepliaklqana was noncommittal.
You visited 1 branch of the dungeon, and saw 3 of its levels.

You collected 74 gold pieces.

Inventory:

Hand Weapons
 o - a +0 quarterstaff (weapon)
Missiles
 d - 101 stones (quivered)
Armour
 b - a +0 robe
 c - a +0 hat (worn)
 g - a +0 leather armour (worn)
Jewellery
 k - a +4 ring of evasion (left hand)
Scrolls
 e - a scroll of amnesia {unknown}
 f - a scroll of holy word {unknown}
 h - a scroll of enchant weapon {unknown}
 i - a scroll of magic mapping {unknown}
 j - a scroll of teleportation {unknown}
 l - a scroll of identify {unknown}
Potions
 n - a potion of flight {unknown}


   Skills:
 + Level 1.2 Fighting
 + Level 1.2 Short Blades
 + Level 1.2 Long Blades
 + Level 1.2 Axes
 + Level 1.2 Maces & Flails
 + Level 1.2 Polearms
 + Level 1.2 Staves
 + Level 1.2 Slings
 + Level 1.2 Bows
 + Level 1.2 Crossbows
 + Level 1.2 Throwing
 + Level 1.2 Armour
 + Level 4.7 Dodging
 + Level 4.3 Stealth
 + Level 1.2 Shields
 + Level 1.2 Unarmed Combat
 + Level 7.2 Spellcasting
 + Level 2.3 Conjurations
 + Level 1.0 Hexes
 + Level 2.3 Summonings
 + Level 1.0 Necromancy
 + Level 2.3 Translocations
 + Level 1.0 Transmutations
 + Level 1.0 Fire Magic
 + Level 1.0 Ice Magic
 + Level 1.0 Air Magic
 + Level 1.0 Earth Magic
 + Level 1.0 Poison Magic
 + Level 1.3 Invocations
 + Level 1.2 Evocations


You had 5 spell levels left.
You knew the following spells:

 Your Spells              Type           Power      Damage    Failure   Level
a - Magic Dart            Conj           52%        1d5       6%          1
b - Slow                  Hex            36%        N/A       11%         1
c - Call Imp              Summ           13%        N/A       10%         2
d - Blink                 Tloc           26%        N/A       10%         2
e - Conjure Flame         Conj/Fire      11%        6-21      26%         3
f - Mephitic Cloud        Conj/Pois/Air  10%        N/A       26%         3

Your spell library contained the following spells:

 Spells                   Type           Power      Damage    Failure   Level


Dungeon Overview and Level Annotations

Branches:
Dungeon (3/15)

Altars:
Hepliaklqana

Shops:
D:1 (


Innate Abilities, Weirdness & Mutations

You have very sharp teeth.
Your uncanny sense of smell can sniff out nearby items.
Your experience applies equally to all skills.


Message History

Your crimson imp hits the wight.
Your crimson imp hits the wight but does no damage.
You open the door.
Your crimson imp blinks!
The wight barely misses you.
There is an open door here.
Your crimson imp blinks!
The wight misses you.
Casting: Call Imp (safe; 10% risk of failure)
Confirm with . or Enter, or press ? or * to list all spells.
Okay, then.
Unknown command.
Casting: Call Imp (safe; 10% risk of failure)
Confirm with . or Enter, or press ? or * to list all spells.
The spell is quite dangerous to miscast (26% risk of failure)!
Continue anyway?
You miscast Conjure Flame.
You are very lightly contaminated with residual magic.
Sparks fly from your hands. The wight closely misses you.
Your magical contamination has completely faded away.
You see here 27 bolts.
Casting: Conjure Flame (quite dangerous; 26% risk of failure)
Confirm with . or Enter, or press ? or * to list all spells.
The spell is quite dangerous to miscast (26% risk of failure)!
Continue anyway?
You miscast Conjure Flame.
You are very lightly contaminated with residual magic.
A wave of violent energy washes through your body!
* * * LOW HITPOINT WARNING * * *
The wight completely misses you.
Your magical contamination has completely faded away.
Unknown command.
The wight hits you with a +2 mace of venom.
* * * LOW HITPOINT WARNING * * *
You feel drained.
Casting: Conjure Flame (quite dangerous; 26% risk of failure)
Confirm with . or Enter, or press ? or * to list all spells.
A beastly little devil appears in a puff of flame.
Your crimson imp hits the wight.
The wight hits you with a +2 mace of venom!
You die...

###...####..........#.#...#.#
#.....# ##.......#.#.#...#.#
#.....# ##.....##.........#
#.....# ##...#####.....###
#.....# ##'## ###.### #<....#
#.# #.# ###.### #.# #.#
####.##### ###.### #.#
.........# #...(@######.#
.###.###.###.###5z......# .#
#.###.....# #.######## .#
#......##.###.# .#
#####.###.....# .# #.#
###.### .#######.# #.#
.........# #.# ########## #.#


You could see a wight (ally target) and a friendly crimson imp (summoned).

Vanquished Creatures
  An adder (D:2)
  4 orcs (D:3)
  5 ball pythons
  3 endoplasms
  4 giant cockroaches
  2 goblins
  4 hobgoblins
  7 jackals
  A kobold (D:1)
  3 quokkas
  4 bats
  2 frilled lizards (D:1)
  8 rats
48 creatures vanquished.

Vanquished Creatures (collateral kills)
  2 adders
  2 dart slugs (D:1)
  An endoplasm (D:2)
  A hobgoblin (D:1)
  2 jackals (D:1)
  A quokka (D:1)
  A kobold (D:1)
10 creatures vanquished.

Grand Total: 58 creatures vanquished

Notes
Turn   | Place    | Note
-------+----------+-------------------------------------------
     0 | D:1      | PlayingRandomsOnly the Gnoll Hedge Wizard began the quest
                  | for the Orb.
     0 | D:1      | Reached XP level 1. HP: 13/13 MP: 8/8
     6 | D:1      | Upgraded the game from 0.28-a0-1202-g1e6f1b2279 to
                  | 0.28-a0-1227-ga9037bb4c8
     8 | D:1      | Learned a level 1 spell: Slow
   208 | D:1      | Reached XP level 2. HP: 18/19 MP: 6/10
   452 | D:1      | Learned a level 2 spell: Call Imp
   455 | D:1      | Learned a level 2 spell: Blink
   503 | D:1      | Reached XP level 3. HP: 23/25 MP: 9/11
   631 | D:1      | Found Boniwaibo's Weapon Shop.
   718 | D:1      | Learned a level 3 spell: Conjure Flame
   722 | D:1      | Learned a level 3 spell: Mephitic Cloud
   950 | D:1      | Reached skill level 1 in Invocations
  1096 | D:2      | Reached skill level 1 in Fighting
  1096 | D:2      | Reached skill level 1 in Short Blades
  1096 | D:2      | Reached skill level 1 in Long Blades
  1096 | D:2      | Reached skill level 1 in Axes
  1096 | D:2      | Reached skill level 1 in Maces & Flails
  1096 | D:2      | Reached skill level 1 in Polearms
  1096 | D:2      | Reached skill level 1 in Staves
  1096 | D:2      | Reached skill level 1 in Slings
  1096 | D:2      | Reached skill level 1 in Bows
  1096 | D:2      | Reached skill level 1 in Crossbows
  1096 | D:2      | Reached skill level 1 in Throwing
  1096 | D:2      | Reached skill level 1 in Armour
  1096 | D:2      | Reached skill level 1 in Shields
  1096 | D:2      | Reached skill level 1 in Unarmed Combat
  1096 | D:2      | Reached skill level 1 in Evocations
  1292 | D:2      | Reached XP level 4. HP: 32/32 MP: 0/13
  2236 | D:3      | Found a hazy altar of Hepliaklqana.
  2248 | D:3      | Became a worshipper of Hepliaklqana the Forgotten
  2266 | D:3      | Reached skill level 1 in Hexes
  2266 | D:3      | Reached skill level 1 in Necromancy
  2266 | D:3      | Reached skill level 1 in Transmutations
  2266 | D:3      | Reached skill level 1 in Fire Magic
  2266 | D:3      | Reached skill level 1 in Ice Magic
  2266 | D:3      | Reached skill level 1 in Air Magic
  2266 | D:3      | Reached skill level 1 in Earth Magic
  2266 | D:3      | Reached skill level 1 in Poison Magic
  2647 | D:2      | Slain by a wight

Illustrated notes

Levels and vault maps discovered:
D:1:      minmay_arrival_shattered_statue, layout_rooms, serial_shops,
          shop_statue
D:2:      layout_loops_corners, minmay_misc_feat_columns
D:3:      layout_loops_ring, pdpol_wu_jian_five_deadly_venoms,
          overflow_temple_1_default, uniq_grinder

Skill      XL: |  1  2  3  4 |
---------------+-------------+-----
Conjurations   | 2 |  2.3
Summonings     | 2 |  2.3
Translocations | 2 |  2.3
Invocations    | 1 |  1.3
Fighting       | 1 |  1.2
Short Blades   | 1 |  1.2
Long Blades    | 1 |  1.2
Axes           | 1 |  1.2
Maces & Flails | 1 |  1.2
Polearms       | 1 |  1.2
Staves         | 1 |  1.2
Slings         | 1 |  1.2
Bows           | 1 |  1.2
Crossbows      | 1 |  1.2
Throwing       | 1 |  1.2
Armour         | 1 |  1.2
Shields        | 1 |  1.2
Unarmed Combat | 1 |  1.2
Evocations     | 1 |  1.2
Hexes          | 1 |  1.0
Necromancy     | 1 |  1.0
Transmutations | 1 |  1.0
Fire Magic     | 1 |  1.0
Ice Magic      | 1 |  1.0
Air Magic      | 1 |  1.0
Earth Magic    | 1 |  1.0
Poison Magic   | 1 |  1.0
Dodging        | |  4.7
Stealth        | |  4.3
Spellcasting   | |  7.2

Action                   |  1- 3 |  4- 6 || total
-------------------------+-------+-------++-------
Melee: Dagger            |    49 |       ||    49
       Bite              |     5 |     4 ||     9
       Short sword       |     2 |    33 ||    35
       Quarterstaff      |       |     5 ||     5
       Punch             |       |     1 ||     1
 Cast: Magic Dart        |    67 |    48 ||   115
       Call Imp          |     5 |     5 ||    10
       Slow              |     2 |       ||     2
       Conjure Flame     |       |     1 ||     1
  Use: Potion            |       |     1 ||     1
Armor: Robe              |     4 |       ||     4
       Leather armour    |     6 |     6 ||    12
Dodge: Dodged            |    43 |    41 ||    84

Table legend: (Time is in decaauts)
 A = Elapsed time spent in this place.
 B = Non-inter-level travel time spent in this place.
 C = Inter-level travel time spent in this place.
 D = Time resting spent in this place.
 E = Time spent auto-exploring this place.
 F = Levels seen in this place.
 G = Mean time per level.
                   A        B        C        D        E       F      G
               +--------+--------+--------+--------+--------+-----+--------+
         Total |   2647 |   2592 |     55 |    595 |   1126 |   3 |  882.3 |
       Dungeon |   2647 |   2592 |     55 |    595 |   1126 |   3 |  882.3 |
               +--------+--------+--------+--------+--------+-----+--------+

Top non-repeatable levels by time:
     D:2: 1386 daAuts
     D:1: 1035 daAuts
     D:3: 225 daAuts
